AoeStats
← hahnbaer

Black Forest

503695119Analyzed
4v4 RM · 29d ago on Sep 1, 2026· 59m 50s· 8 players
Game mode
Random Map
Map size
Large (8 player)
Population
200
Speed
Normal
Resources
Standard
Victory
Conquest
Starting age
Dark Age
Ending age
Imperial Age
RankedLock teamsTeams togetherTeam positionsShared explorationLock speedFull tech treeHidden civsTurbo modeCheats
Victory
Defeat
🇩🇪 Teutons · Germany
1089
+14
🇺🇸 Malians · United States
1041
+16
🇵🇪 Magyars · Peru
1029
+16
🇫🇮 Goths · Finland
1020
+17
🇦🇷 Japanese · Argentina
1063
-17
🇸🇰 Bohemians · Slovakia
1058
-17
🇮🇹 Italians · Italy
1019
-15
🇳🇱 Spanish · Netherlands
1000
-14
...
0:39 Loom
13:47 Feudal Age
14:17 Double-Bit Axe
17:28 Gold Mining
17:32 Man-at-Arms
17:59 Arson
19:24 Wheelbarrow
21:04 Horse Collar
27:57 Castle Age
28:26 Stone Mining
32:52 Castle Age
34:17 Stone Shaft Mining
34:51 Gold Shaft Mining
36:42 Scale Mail Armor
38:49 Heavy Plow
43:03 Hand Cart
43:29 Chain Mail Armor
43:24 Forging
46:14 Ballistics
48:46 Imperial Age
46:16 Treadmill Crane
50:14 Elite Gbeto
51:35 Crop Rotation
51:17 Bow Saw
51:52 Conscription
53:18 Plate Mail Armor
53:24 Iron Casting
hahnbaer
1:27 Loom
12:12 Feudal Age
16:07 Castle Age
14:48 Double-Bit Axe
14:46 Horse Collar
17:11 Bow Saw
17:02 Heavy Plow
21:16 Stone Mining
23:14 Wheelbarrow
25:15 Forging
25:58 Hand Cart
26:44 Scale Barding Armor
27:32 Bloodlines
28:48 Iron Casting
35:27 Imperial Age
35:33 Cavalier
37:17 Blast Furnace
36:47 Onager
38:40 Paladin
39:27 Gold Mining
40:41 Chain Barding Armor
41:06 Fortified Wall
42:10 Caravan
48:05 Siege Onager
48:56 Siege Engineers
WihtoriKosola
11:35 Feudal Age
12:59 Loom
14:44 Wheelbarrow
14:25 Double-Bit Axe
14:21 Horse Collar
18:23 Castle Age
18:37 Stone Mining
21:20 Hand Cart
21:36 Bow Saw
22:04 Heavy Plow
28:52 Gold Mining
32:21 Imperial Age
32:25 Forging
32:17 Scale Mail Armor
32:20 Squires
31:41 Pikeman
31:43 Man-at-Arms
32:59 Anarchy
33:09 Perfusion
33:30 Conscription
33:48 Iron Casting
32:56 Halberdier
33:57 Anarchy
34:29 Chain Mail Armor
36:29 Blast Furnace
35:02 Long Swordsman
35:20 Two-Handed Swordsman
37:03 Champion
41:31 Elite Huskarl
Dylan-23
1:14 Loom
11:15 Feudal Age
12:36 Wheelbarrow
16:24 Town Watch
19:01 Castle Age
17:08 Horse Collar
17:16 Double-Bit Axe
17:31 Gold Mining
18:07 Stone Mining
20:43 Fletching
26:34 Scale Barding Armor
28:38 Chain Barding Armor
30:21 Bow Saw
30:15 Bodkin Arrow
33:44 Imperial Age
32:44 Padded Archer Armor
34:17 Crossbowman
35:29 Arbalester
39:14 Bracer
39:29 Leather Archer Armor
40:16 Gold Shaft Mining
40:02 Hand Cart
39:48 Town Patrol
42:03 Ring Archer Armor
42:26 Ballistics
43:07 Chemistry
42:14 Elite Skirmisher
44:09 Thumb Ring
45:16 Two-Man Saw
46:02 Conscription
45:47 Corvinian Army
46:30 Conscription
48:34 Murder Holes
48:50 Masonry
50:49 Heavy Plow
57:14 Siege Engineers
Renesis
4:32 Loom
13:16 Feudal Age
17:08 Castle Age
14:55 Horse Collar
16:21 Double-Bit Axe
18:55 Wheelbarrow
20:33 Forging
20:36 Bow Saw
21:08 Heavy Plow
23:27 Iron Casting
24:16 Fletching
27:39 Hand Cart
28:07 Scale Mail Armor
28:37 Stone Mining
28:37 Gold Mining
29:04 Light Cavalry
30:32 Bodkin Arrow
31:45 Stone Shaft Mining
30:53 Treadmill Crane
32:55 Ballistics
32:38 Padded Archer Armor
35:11 Imperial Age
32:41 Town Watch
33:10 Bloodlines
33:06 Squires
33:28 Town Patrol
34:22 Silk Road
34:47 Caravan
35:21 Coinage
36:15 Conscription
36:00 Bracer
37:15 Chemistry
35:39 Elite Genoese Crossbowman
37:14 Guilds
37:13 Thumb Ring
37:26 Leather Archer Armor
43:10 Hoardings
43:06 Masonry
44:24 Pirotechnia
44:46 Architecture
45:21 Two-Man Saw
44:53 Crop Rotation
44:38 Elite Skirmisher
45:51 Ring Archer Armor
46:24 Murder Holes
asdf
0:38 Loom
2:00 Loom
12:21 Feudal Age
17:08 Castle Age
15:01 Double-Bit Axe
14:58 Horse Collar
22:21 Bow Saw
22:19 Heavy Plow
27:05 Wheelbarrow
26:18 Town Watch
30:01 Imperial Age
29:00 Hand Cart
28:45 Town Patrol
28:43 Fletching
28:56 Padded Archer Armor
31:34 Ballistics
32:14 Chemistry
31:20 Siege Engineers
31:15 Bodkin Arrow
31:31 Forging
32:16 Murder Holes
32:27 Siege Engineers
33:18 Houfnice
33:41 Houfnice
34:38 Bracer
34:53 Leather Archer Armor
38:24 Ring Archer Armor
40:23 Caravan
45:21 Two-Man Saw
44:36 Masonry
46:27 Conscription
56:56 Iron Casting
56:27 Scale Barding Armor
BITCOIN_
4:43 Loom
13:24 Feudal Age
17:01 Castle Age
16:23 Double-Bit Axe
19:55 Fishing Lines
25:45 Scale Mail Armor
28:18 Wheelbarrow
28:50 Forging
30:04 Gold Mining
32:49 Town Watch
33:26 Hand Cart
35:40 Gillnets
36:28 Stone Mining
39:14 Imperial Age
37:26 Bow Saw
38:31 Gold Shaft Mining
38:20 Squires
38:07 Arson
38:40 Chain Mail Armor
39:21 Elite Samurai
40:23 Conscription
39:45 Pikeman
41:22 Plate Mail Armor
41:28 Iron Casting
40:48 Horse Collar
42:24 Two-Man Saw
41:29 Heavy Plow
41:38 Halberdier
41:44 Halberdier
42:27 Capped Ram
44:51 Blast Furnace
53:48 Town Watch
55:08 Gambesons
54:47 Man-at-Arms
aclcbrn
1:05 Loom
15:39 Feudal Age
16:39 Double-Bit Axe
26:24 Castle Age
27:44 Wheelbarrow
27:11 Gold Mining
28:16 Bow Saw
28:25 Fishing Lines
29:16 Town Watch
29:40 Gillnets
31:47 Horse Collar
32:58 Bloodlines
33:50 Light Cavalry
35:38 Forging
36:13 Scale Barding Armor
43:40 Imperial Age
46:00 Chemistry
45:21 Ballistics
45:51 Iron Casting
45:17 Scale Mail Armor
45:10 Fletching
45:20 Padded Archer Armor
46:36 Two-Man Saw
46:13 Pikeman
46:53 Squires
46:39 Gambesons
46:19 Hussar
48:23 Hand Cart
48:52 Husbandry
49:17 Chain Barding Armor
49:24 Conscription
51:19 Caravan
51:57 Bodkin Arrow
52:18 Leather Archer Armor
Connection lost

Rejoining the realm…

Still unreachable

The connection could not be restored.

Session expired

The server has moved on; the page needs a fresh start.